 Dungeon Crawl Stone Soup version 0.17-a0-1954-g0dddeaa (webtiles) character file.

65 Rationalist the Skirmisher (level 3, 0/30 HPs)
             Began as a Demonspawn Berserker on Oct 4, 2015.
             Was a Believer of Trog.
             Slain by a gnoll
             ... wielding a +0 spear
              (3 damage)
             ... on level 2 of the Dungeon.
             The game lasted 00:02:14 (2107 turns).

Rationalist the Skirmisher (Demonspawn Berserker)   Turns: 2107, Time: 00:02:14

Health: 0/30       AC:  3    Str: 17    XL:     3   Next: 94%
Magic:  3/3        EV: 12    Int:  8    God:    Trog [**....]
Gold:   52         SH:  0    Dex: 13    Spells: 0 memorised, 2 levels left

rFire  . . .     SeeInvis .     a - +0 hand axe
rCold  . . .     Clarity  .     b - +1 animal skin
rNeg   . . .     SustAt   .     (no shield)
rPois  .         Gourm    .     (no helmet)
rElec  .         Spirit   .     (no cloak)
rCorr  .         Warding  .     (no gloves)
rMut   .         Stasis   .     (no boots)
MR     ++...                    (no amulet)
Stlth  ++........               (no ring)
                                (no ring)

@: exhausted, about to teleport, regenerating, slowed, very slow, very resistant
to hostile enchantments, unstealthy
A: nightstalker 1
a: Burn Spellbooks, Berserk, Trog's Hand, Renounce Religion


You were on level 2 of the Dungeon.
You worshipped Trog.
Trog was pleased with you.
You were near starving.

You visited 1 branch of the dungeon, and saw 2 of its levels.

You collected 52 gold pieces.

Inventory:

Hand weapons
 a - a +0 hand axe (weapon)
Missiles
 e - 13 sling bullets of flame
 g - 10 poisoned needles
Armour
 b - a +1 animal skin (worn)
Jewellery
 j - an uncursed amulet of resist corrosion {unknown}
Potions
 d - a potion of brilliance {unknown}
 f - a potion of ambrosia {unknown}
 k - a potion of curing {unknown}
 m - a potion of haste {unknown}
Comestibles
 c - a bread ration
 n - a meat ration


   Skills:
 + Level 3.8 Fighting
 + Level 3.3 Axes
 + Level 1.8 Armour
 + Level 2.5 Dodging


You had 2 spell levels left.
You didn't know any spells.

Dungeon Overview and Level Annotations

Branches:
Dungeon (2/15)

Altars:


Innate Abilities, Weirdness & Mutations

You are slightly more attuned to the shadows.


Message History

The gnoll barely misses you. x2
Read which item? (? for menu, Esc to quit)
As you read the scroll labeled JUS SUTSAFOIGU, it crumbles to dust.
It is a scroll of recharging.
You aren't carrying any rechargeable items.
The gnoll hits you with a spear.
* * * LOW HITPOINT WARNING * * *
The gnoll barely misses you. x2
Read which item? (? for menu, Esc to quit)
As you read the scroll labeled EKIDAU GUPNAO, it crumbles to dust.
It is a scroll of enchant armour.
Enchant which item? (? for menu, Esc to quit)
Your +0 animal skin glows green for a moment.
The gnoll closely misses you. The gnoll barely misses you. The gnoll hits you.
* * * LOW HITPOINT WARNING * * *
Read which item? (? for menu, Esc to quit)
As you read the scroll labeled VAM UBBALE, it crumbles to dust.
You feel strangely unstable.
It was a scroll of teleportation.
The gnoll hits you with a spear.
You die...

#.#...# # #... #.#...#
#..#
#######.#...#.###...
#.............#>.... .#
#.#####.##.####...##
..##.#####.##.####..<..
#.....................
.#.g#..#.#####.......
#..@g...##.....).... #
##)##)#.##.##.....<.
#.##.##.#.##.##..#....
#...†...#........#..#.
####.#######.###.#....
#(.# ###.###...... ##.#
#.....###..##
####.####.....# #....
#.......#.....# ##.##


You could see 2 gnolls.

Vanquished Creatures
  2 gnolls (D:2)
  2 adders (D:2)
  A giant gecko (D:2)
  2 bats
  7 goblins
  6 hobgoblins
  A giant newt (D:1)
  5 kobolds
  3 rats (D:1)
29 creatures vanquished.

Notes
Turn   | Place    | Note
--------------------------------------------------------------
     0 | D:1      | Rationalist the Demonspawn Berserker began the quest for the Orb.
     0 | D:1      | Reached XP level 1. HP: 18/18 MP: 1/1
   181 | D:1      | Gained mutation: You are slightly more attuned to the shadows. [demonic ancestry]
   181 | D:1      | Reached XP level 2. HP: 21/24 MP: 2/2
  1388 | D:2      | Acquired Trog's second power
  1514 | D:2      | Reached XP level 3. HP: 6/29 MP: 3/3
  2106 | D:2      | HP: 1/30 [gnoll (2)]
  2107 | D:2      | Slain by a gnoll

Vault maps used:
D:1:      saegor_arrival_simple_a
D:2:      zin_purify

Action                   || total
-------------------------++-------
Melee: Hand axe          ||    95
Invok: Berserk           ||     1
       Trog's Hand       ||     1
  Use: Scroll            ||     3
 Stab: Sleeping          ||     3
  Eat: Chunk             ||     3
